 Dungeon Crawl Stone Soup version 0.28-a0-1447-ga5a8893891 (webtiles) character file.

Game seed: 4810889487695394673

38 herbaltea the Skirmisher (level 3, 0/43 HPs)
             Began as a Formicid Abyssal Knight on Jan 10, 2022.
             Was a Believer of Lugonu.
             Succumbed to an adder's poison
             ... on level 3 of the Dungeon.
             The game lasted 00:04:25 (2207 turns).

herbaltea the Skirmisher (Formicid Abyssal Knight)  Turns: 2207, Time: 00:04:25

Health: 0/43       AC: 21    Str: 17    XL:     3   Next: 65%
Magic:  4/4        EV:  2    Int:  9    God:    Lugonu [**....]
Gold:   114        SH:  0    Dex: 13    Spells: 2/2 levels left

rFire   . . .      SeeInvis .   a - +1 hand axe
rCold   . . .      Faith    .   (no shield)
rNeg    . . .      Spirit   .   (armour currently unavailable)
rPois   +          Reflect  .   (helmet unavailable)
rElec   .          Harm     .   (cloak currently unavailable)
rCorr   .          Rampage  .   (gloves currently unavailable)
Will    .....                   (boots currently unavailable)
Stlth   +.........              (no amulet)
HPRegen 0.14/turn               (no ring)
MPRegen 0.09/turn               (no ring)

@: brilliant, lethally poisoned (0 -> -4), tree-form
A: stationary, stasis, torment immunity, boosted hp, permanent stasis, dig
shafts and tunnels, (antennae 3), four strong arms
a: Renounce Religion, Depart the Abyss, Bend Space


You were on level 3 of the Dungeon.
You worshipped Lugonu.
Lugonu was pleased with you.
You were a tree.
You visited 1 branch of the dungeon, and saw 3 of its levels.
You visited the Abyss 1 time.

You collected 114 gold pieces.

Inventory:

Hand Weapons
 a - a +1 hand axe (weapon)
 b - a +0 hunting sling
 g - a +1 dagger of protection
Missiles
 h - a stone
 n - 31 sling bullets
Armour
 m - a +0 leather armour (melded)
Scrolls
 d - a scroll of holy word {unknown}
 e - 2 scrolls of amnesia {unknown}
 f - a scroll of torment {unknown}
 j - 2 scrolls of fear {unknown}
 k - 2 scrolls of fog {unknown}
 l - a scroll of acquirement {unknown}
 o - 5 scrolls of identify {unknown}


   Skills:
 + Level 3.5 Fighting
 * Level 3.1 Axes
 + Level 0.1 Slings
 + Level 2.5 Armour
 + Level 0.9 Dodging
 + Level 0.4 Stealth
 + Level 2.3 Invocations


You had 2 spell levels left.
You didn't know any spells.
Your spell library was empty.

Dungeon Overview and Level Annotations

Branches:
Dungeon (3/15)

Altars:
Ashenzari
Elyvilon
Hepliaklqana
Okawaru
Ru
Zin

Annotations:
D:2 Sigmund


Innate Abilities, Weirdness & Mutations

You are a tree.
Your roots penetrate the ground, keeping you stationary.
You cannot be teleported.
You are immune to unholy pain and torment.
Your maximum health is greatly increased.
Your equipment is partially melded.
You cannot be hasted, slowed, berserked, paralysed or teleported.
You can dig through walls and to a lower floor.
((You have a pair of large antennae on your head. (SInv)))
Your four strong arms can wield two-handed weapons with a shield.


Message History

You closely miss the adder.
The adder is moderately wounded.
You feel sick.
You are no longer poisoned.
The adder bites you. The adder closely misses you.
You barely miss the adder.
The adder is moderately wounded.
The adder bites you. The adder barely misses you.
You miss the adder.
The adder is moderately wounded.
The adder barely misses you.
You barely miss the adder.
The adder is moderately wounded.
The adder closely misses you. The adder misses you.
You hit the adder.
The adder is heavily wounded.
The adder bites you but does no damage.
You miss the adder.
The adder is heavily wounded.
The adder barely misses you. The adder bites you.
* * * LOW HITPOINT WARNING * * *
You are lethally poisoned!
The adder poisons you!
You hit the adder.
The adder is severely wounded.
* * * LOW HITPOINT WARNING * * *
You feel sick. The adder bites you but does no damage.
It was a potion of brilliance.
You feel clever all of a sudden.
* * * LOW HITPOINT WARNING * * *
You feel sick. The adder barely misses you.
It was a potion of lignification.
You turn into a tree.
Your +0 leather armour melds into your body.
Your roots penetrate the ground.
You feel sick. The adder bites you.
* * * LOW HITPOINT WARNING * * *
The adder bites you but does no damage.
You slash the adder!
You kill the adder!
Lugonu accepts your kill.
You die...

..♣..≈## #.......# #.#
.......## #.#.....# #.#
♣._.♣...# #.#.#.#.. #.#
..r.....###...#...#.#.#
..♣..≈#.....#.##..#.#.#
≈...≈≈#######...... #.#
#...### ###.....# #.# #
##.##.# #.....#.# #.# #
......# #$...†♣.###.# #
##.#### #..(..#..##.#
#...# #######..##.#
#.### #.....# #.#
#.#...# ## #.#
#########.#...# #. #.#
#........##..... #. #.#
#........###..#.# #.
#.######........#
#..#.# #.


There were no monsters in sight!

Vanquished Creatures
  2 adders
  3 endoplasms
  A giant cockroach (D:3)
  A goblin (D:2)
  3 hobgoblins
  A quokka (D:2)
  3 ball pythons
  7 bats
  4 frilled lizards
  3 kobolds
  2 rats (D:1)
30 creatures vanquished.

Notes
Turn   | Place    | Note
-------+----------+-------------------------------------------
     0 | Abyss:1  | herbaltea the Formicid Abyssal Knight began the quest for
                  | the Orb.
     0 | Abyss:1  | Reached XP level 1. HP: 18/18 MP: 2/2
     8 | D:1      | Escaped the Abyss
   104 | D:1      | Found a faded altar of an unknown god.
   417 | D:1      | Reached XP level 2. HP: 24/24 MP: 3/3
  1016 | D:2      | Found a hazy altar of Hepliaklqana.
  1081 | D:2      | Noticed Sigmund
  1131 | D:2      | Reached XP level 3. HP: 11/29 MP: 4/4
  1453 | D:2      | Reached ** piety under Lugonu
  1911 | D:3      | Found a broken altar of Ashenzari.
  1967 | D:3      | Found a glowing silver altar of Zin.
  2072 | D:3      | Found an iron altar of Okawaru.
  2072 | D:3      | Found a sacrificial altar of Ru.
  2120 | D:3      | Found a white marble altar of Elyvilon.
  2206 | D:3      | HP: 2/43 [adder (4)]
  2207 | D:3      | Succumbed to an adder's poison

Illustrated notes

Levels and vault maps discovered:
D:1:      pf_arrival_petrified_forest, layout_basic, basic_ecumenical_altar,
          nrook_loot_triangle
D:2:      layout_basic, basic_altar, uniq_sigmund
D:3:      layout_basic, mainiacjoe_overflow_alcove_1,
          nicolae_ashenzari_skybound, gammafunk_temple_overflow_statue,
          elyvilon_altar_4

Skill      XL: |  1  2  3 |
---------------+----------+-----
Axes           | 3 |  3.1
Fighting       | |  3.5
Slings         | |  0.1
Armour         | |  2.5
Dodging        | |  0.9
Stealth        | |  0.4
Invocations    | |  2.3

Action                   || total
-------------------------++-------
Melee: Hand axe          ||    56
       Dagger            ||    44
       Punch             ||     1
 Fire: Hunting sling     ||    12
  Use: Potion            ||     2
 Stab: Sleeping          ||     1
Armor: Leather armour    ||    44
       Skin              ||     1
Dodge: Dodged            ||    73

Table legend: (Time is in decaauts)
 A = Elapsed time spent in this place.
 B = Non-inter-level travel time spent in this place.
 C = Inter-level travel time spent in this place.
 D = Time resting spent in this place.
 E = Time spent auto-exploring this place.
 F = Levels seen in this place.
 G = Mean time per level.
                   A        B        C        D        E       F      G
               +--------+--------+--------+--------+--------+-----+--------+
         Total |   2216 |   2116 |    100 |    302 |   1523 |   4 |  554.0 |
       Dungeon |   2208 |   2108 |    100 |    302 |   1522 |   3 |  736.0 |
         Abyss |      8 |      8 |      0 |      0 |      1 |   1 |    8.0 |
               +--------+--------+--------+--------+--------+-----+--------+

Top non-repeatable levels by time:
     D:1: 800 daAuts
     D:2: 796 daAuts
     D:3: 610 daAuts
 Abyss:1: 8 daAuts
